 Dungeon Crawl Stone Soup version 0.18-a0-844-g9229740 (webtiles) character file.

136 mcbry74 the Slinger (level 5, -10/34 HPs)
             Began as a Halfling Hunter on Dec 19, 2015.
             Mangled by mcbry74's ghost (13 damage)
             ... on level 3 of the Dungeon.
             The game lasted 00:16:23 (2484 turns).

mcbry74 the Slinger (Halfling Hunter)               Turns: 2484, Time: 00:16:23

Health: -10/34     AC:  3    Str: 12    XL:     5   Next: 43%
Magic:  5/5        EV: 15    Int: 10    God:
Gold:   171        SH:  0    Dex: 16    Spells: 0 memorised, 4 levels left

rFire  . . .     SeeInvis .     a - +3 hunting sling
rCold  . . .     Gourm    .     c - +0 leather armour
rNeg   . . .     Faith    .     (shield restricted)
rPois  .         Spirit   .     (no helmet)
rElec  .         Dismiss  .     (no cloak)
rCorr  .         Reflect  .     (no gloves)
SustAt .         Harm     .     (no boots)
MR     .....                    (no amulet)
Stlth  ++........               (no ring)
                                (no ring)

@: not resistant to hostile enchantments, unstealthy
A: mutation resistance 1
a: no special abilities


You were on level 3 of the Dungeon.
You were not hungry.

You visited 1 branch of the dungeon, and saw 3 of its levels.

You collected 171 gold pieces.

Inventory:

Hand Weapons
 a - a +3 hunting sling (weapon)
 b - a +0 short sword
Missiles
 i - 31 stones (quivered)
 j - 15 exploding sling bullets
Armour
 c - a +0 leather armour (worn)
Wands
 d - a wand of fire (14)
Scrolls
 e - 3 scrolls of recharging
 g - 2 scrolls of identify
 h - a scroll of immolation {unknown}
 k - a scroll of teleportation
 r - a scroll of enchant armour {unknown}
Potions
 n - a potion of flight {unknown}
 o - a potion of curing
 p - a potion of brilliance {unknown}
 u - a potion of magic {unknown}
 w - a potion of resistance {unknown}
Books
 t - a book of Fire

   Spells                             Type                      Level
   a - Ignite Poison                  Fire/Transmutation/Poison    3
   b - Fireball                       Conjuration/Fire             5
   c - Bolt of Fire                   Conjuration/Fire             6
   d - Delayed Fireball               Conjuration/Fire             7
   e - Ring of Flames                 Charms/Fire                  7
Comestibles
 f - 2 bread rations
 m - a fruit
 q - 2 beef jerkies
 v - a meat ration


   Skills:
 - Level 1.7 Fighting
 + Level 0.6 Short Blades
 * Level 8.7 Slings
 + Level 0.7 Armour
 + Level 2.5 Dodging
 + Level 1.1 Stealth


You had 4 spell levels left.
You didn't know any spells.

Dungeon Overview and Level Annotations

Branches:
Dungeon (3/15)

Altars:
Makhleb
Vehumet

Annotations:
D:3 mcbry74's ghost, amateur MfGl


Innate Abilities, Weirdness & Mutations

You are small and have problems with some larger weapons.
You are somewhat resistant to further mutation.


Message History

Press: ? - help, Shift-Dir - straight line, f/p - mcbry74's ghost
Aim: mcbry74's ghost (heavily damaged)
You shoot a stone.
The stone closely misses mcbry74's ghost.
The orc shouts!
Firing (i - inventory. (,) - cycle):
i - 32 stones (quivered)
Press: ? - help, Shift-Dir - straight line, f/p - mcbry74's ghost
Aim: mcbry74's ghost (heavily damaged)
You shoot a stone. The stone hits mcbry74's ghost.
Mcbry74's ghost is severely damaged.
Mcbry74's ghost hits you!
* * * LOW HITPOINT WARNING * * *
Mcbry74's ghost says, "One skewered Halfling, coming right up."
Mcbry74's ghost shouts, "They lied to you.
The Dungeon just goes down and down forever."
Drink which item? (? for menu, Esc to quit)
It was a potion of curing.
You feel better. Mcbry74's ghost hits you!
* * * LOW HITPOINT WARNING * * *
Mcbry74's ghost whispers, "Trust me.
Just give in."
Mcbry74's ghost hits you!
You die...

.............##.#.....###.####
.............##.#.............
.......................##.###
#####.###.#####.#......##.#
.......................>#.#
#.#.###.#........#.#..#.#
#.....................#.# #.
###.#.###.#####.#..#>##.#.## #.##
..............#W@..........# #..#
.............o.....#.##...## #...
###.#####..##.#......##...# ##.#
...........##.#....####...# #.#
............#.###..# #...#####.#
.##................##............
.##.............................#
.##)###.##.#..###..##.#...#####.#
.##)###.##.........# # #.#


You could see mcbry74's ghost and an orc.

Vanquished Creatures
  An orc wizard (D:3)
  4 adders
  A gnoll (D:1)
  An ooze (D:2)
  A worm (D:2)
  2 giant geckos
  3 orcs
  5 bats
  7 goblins
  7 hobgoblins
  A quokka (D:2)
  3 giant cockroaches
  3 giant newts
  10 kobolds
  12 rats
61 creatures vanquished.

Notes
Turn   | Place    | Note
--------------------------------------------------------------
     0 | D:1      | mcbry74 the Halfling Hunter began the quest for the Orb.
     0 | D:1      | Reached XP level 1. HP: 14/14 MP: 1/1
    62 | D:1      | Reached skill level 6 in Slings
    62 | D:1      | Reached XP level 2. HP: 19/19 MP: 2/2
   511 | D:1      | Reached XP level 3. HP: 24/24 MP: 3/3
   587 | D:1      | Reached skill level 7 in Slings
  1015 | D:2      | Found a radiant altar of Vehumet.
  1079 | D:2      | Reached XP level 4. HP: 29/29 MP: 4/4
  1354 | D:3      | Noticed mcbry74's ghost (amateur MfGl)
  1442 | D:3      | Found a burning altar of Makhleb.
  1551 | D:3      | Reached skill level 8 in Slings
  2109 | D:3      | Reached XP level 5. HP: 29/34 MP: 5/5
  2484 | D:3      | Mangled by mcbry74's ghost

Vault maps used:
D:1:      dpeg_arrival_tiny_d, minmay_rat_gold_closets
D:2:      lemuel_round_altar, first_bread
D:3:      lemuel_crystal_altar

Action                   |  1- 3 |  4- 6 || total
-------------------------+-------+-------++-------
Melee: Short sword       |    12 |       ||    12
 Fire: Hunting sling     |    97 |   105 ||   202
Evoke: Wand              |       |     1 ||     1
  Use: Scroll            |       |     8 ||     8
       Potion            |       |     1 ||     1
  Eat: Bread ration      |       |     1 ||     1
